 Dungeon Crawl Stone Soup version 0.17-a0-2064-g265a032 (webtiles) character file.

57763 brucemayne the Severer (level 14, -2/72 HPs)
             Began as a Vine Stalker Berserker on Oct 12, 2015.
             Was the Champion of Trog.
             Slain by a wolf spider (3 damage)
             ... on level 3 of the Spider Nest.
             The game lasted 01:08:58 (9101 turns).

brucemayne the Severer (Vine Stalker Berserker)     Turns: 9101, Time: 01:08:58

Health: -2/72      AC: 22    Str: 23    XL:     14   Next: 87%
Magic:  0/18       EV:  7    Int:  7    God:    Trog [******]
Gold:   1321       SH:  0    Dex: 18    Spells: 0 memorised, 13 levels left

rFire  + . .     SeeInvis .     T - +3 battleaxe (freeze)
rCold  . . .     Clarity  .     V - +3 plate armour
rNeg   . . .     SustAt   .     (no shield)
rPois  .         Gourm    .     w - +0 helmet
rElec  .         Spirit   +     C - +2 cloak {rC+}
rCorr  .         Warding  .     v - +0 pair of gloves
rMut   .         Stasis   .     b - +0 pair of boots {run}
MR     +....                    m - amulet of faith
Stlth  ..........               U - ring of invisibility
                                B - ring of fire

@: confused, lethally poisoned (-2 -> -2), very slightly contaminated, hasted,
very quick, somewhat resistant to hostile enchantments, extremely unstealthy
A: fangs 3, blink, regeneration 3, strong 1, wild magic 1, magic shield,
antimagic bite, no device heal 3, rot immunity
a: Blink, Burn Spellbooks, Berserk, Trog's Hand, Brothers in Arms, Renounce
Religion, Evoke Invisibility


You were on level 3 of the Spider Nest.
You worshipped Trog.
Trog was exalted by your worship.
You were hungry.

You visited 5 branches of the dungeon, and saw 29 of its levels.
You also visited: Ice Cave.

You collected 1465 gold pieces.
You spent 144 gold pieces at shops.

Inventory:

Hand Weapons
 a - a +5 executioner's axe of electrocution
 e - a +1 antimagic executioner's axe
 f - a +2 antimagic battleaxe
 n - a +0 blowgun
 r - a +0 broad axe of holy wrath
 y - a +6 antimagic battleaxe
 T - a +3 battleaxe of freezing (weapon)
Missiles
 j - 10 javelins (quivered)
 s - 3 throwing nets
Armour
 b - a +0 pair of boots of running (worn)
 v - a +0 pair of gloves (worn)
 w - a +0 helmet (worn)
 C - a +2 cloak of cold resistance (worn)
 V - a +3 plate armour (worn)
Jewellery
 h - an uncursed amulet of resist corrosion
 m - an amulet of faith (around neck)
 B - a ring of fire (left hand)
 U - a ring of invisibility (right hand)
 Z - an uncursed amulet of resist mutation {unknown}
Wands
 c - a wand of confusion (3)
 o - a wand of paralysis (0)
 u - a wand of cold (11)
 Q - a wand of digging (15)
Scrolls
 k - 8 scrolls of teleportation
 l - a scroll of vulnerability
 p - a scroll of magic mapping
 G - 2 scrolls of remove curse
 O - a scroll of fear
 P - 4 scrolls of recharging
Potions
 d - a potion of invisibility {unknown}
 g - a potion of resistance
 t - a potion of might {unknown}
 x - a potion of brilliance
 z - 3 potions of flight
 F - 5 potions of haste
 I - a potion of magic {unknown}
 J - 2 potions of poison {unknown}
 R - 2 potions of agility {unknown}
 S - a potion of lignification {unknown}
Miscellaneous
 E - a legendary deck of defence
 M - a lamp of fire
Comestibles
 i - 5 meat rations
 q - a chunk of flesh
 L - 3 bread rations


   Skills:
 - Level 7.4 Fighting
 - Level 19.8 Axes
 - Level 5.8 Armour
 - Level 1.5 Dodging
 + Level 4.0 Evocations


You had 13 spell levels left.
You didn't know any spells.

Dungeon Overview and Level Annotations

Branches:
Dungeon (12/15)            Temple (1/1) D:7            Lair (8/8) D:8
  Swamp (0/4) Lair:3       Spider (4/4) Lair:6          Orc (4/4) D:11
  Slime: Lair:6-8       Elf: Orc:3-4

Altars:
Ashenzari
Dithmenos
Elyvilon
Fedhas
Gozag
Makhleb
Nemelex Xobeh
Ru
Vehumet
The Shining One
Beogh

Shops:
D:11 *   Orc:4 ([:[

Annotations:
Lair:8 slime


Innate Abilities, Weirdness & Mutations

You have razor-sharp teeth.
You regenerate.
When hurt, damage is shared between your health and your magic reserves.
Your bite disrupts and absorbs the magic of your enemies.
Potions and wands cannot restore your health.
You are immune to rotting.
You can translocate small distances at will.
Your muscles are strong. (Str +2)
Your spells are a little harder to cast, but a little more powerful.


Message History

Unknown command.
You hit the wolf spider. You freeze the wolf spider. You bite the wolf spider!
You drain its power.
You feel invigorated.
The wolf spider is moderately wounded.
The wolf spider hits you but does no damage.
The wolf spider bites you.
* * * LOW HITPOINT WARNING * * *
Unknown command.
Evoke which item? (* to show all) (? for menu, Esc to quit)
Okay, then.
You closely miss the wolf spider. Your bite misses the wolf spider.
The wolf spider is moderately wounded.
You feel sick. The wolf spider hits you.
* * * LOW HITPOINT WARNING * * *
The wolf spider bites you but does no damage.
Unknown command.
You bump into the rock wall.
You feel sick. The wolf spider hits you.
* * * LOW HITPOINT WARNING * * *
The wolf spider bites you.
You die...

#..#.#### #.###.#
#....#..# ##.....#
#......# #^.....##
###...#####.[#†..#
#..####....##ss####
#...#.##.†s#..>...###
###[......##..#.....#
##^....s#..####..##
#...###@### #..###
##.##.#########...#
###....##.#.##..##
##....###......####
###..##...#.†#......#
##^#..#.......####...#
#....##...#..## .###
#.....#.#.#...# ##
###^.######..##


You could see a wolf spider and an orb spider.

Vanquished Creatures
  A frost giant (IceCv)
  An emperor scorpion (Spider:2)
  An orc warlord (Orc:4)
  A fire dragon (Lair:8)
  Josephine (Orc:2)
  An entropy weaver (Spider:1)
  Erolcha (D:8)
  A hydra (Lair:8)
  4 orc high priests (Orc:4)
  A queen ant (Lair:2)
  2 unseen horrors (D:11)
  A lindwurm (Lair:6)
  2 hill giants (D:11)
  2 orc knights (Orc:4)
  5 wolf spiders
  A hornet (Spider:3)
  2 orb spiders
  3 elephants (Lair:2)
  A black mamba (Lair:7)
  A torpor snail (Spider:3)
  10 spiny frogs
  A centaur skeleton (D:10)
  3 komodo dragons
  5 demonic crawlers
  6 jumping spiders
  11 polar bears
  6 fire drakes
  A troll (D:10)
  11 blink frogs
  A wyvern (Lair:8)
  13 redbacks
  Sigmund (D:4)
  8 tarantellas
  A deep elf mage (D:11)
  4 trapdoor spiders
  21 yaks
  5 basilisks
  4 wraiths (Orc:2)
  3 mottled dragons (Lair:8)
  4 wargs (Orc:4)
  5 hippogriffs
  2 steam dragons (Lair:8)
  8 soldier ants (Lair:2)
  7 wolves (IceCv)
  2 swamp drakes (Lair:8)
  15 water moccasins
  5 ogres
  8 spiders
  3 phantoms
  A porcupine (Lair:4)
  26 orc warriors
  A wasp (D:10)
  A necrophage (D:11)
  3 ice beasts
  6 centaurs
  6 giant frogs
  9 crocodiles
  A wyvern zombie (D:10)
  5 wights (D:8)
  3 killer bees (D:8)
  2 scorpions
  4 crimson imps
  2 electric eels (Spider:1)
  3 hounds
  A quasit (D:9)
  17 orc wizards
  2 jellies (D:11)
  30 orc priests
  26 worker ants
  8 iguanas
  7 sheep (Lair:7)
  A hound skeleton (D:8)
  5 adders
  2 gnolls (D:5)
  36 river rats
  3 shadow imps
  12 white imps (Lair:8)
  A worm (D:2)
  2 giant geckos
  159 orcs
  2 bats
  3 giant cockroaches
  A hobgoblin (D:2)
  A kobold (D:2)
  A quokka (D:2)
  A giant gecko skeleton (D:8)
  3 giant newts
  2 goblins (D:2)
  7 jackals
  A rat (D:3)
  5 fungi
  8 plants
627 creatures vanquished.

Vanquished Creatures (collateral kills)
  A hydra (Lair:8)
  4 wolf spiders
  2 orb spiders
  An orc sorcerer (Orc:4)
  An orc knight (Orc:4)
  A demonic crawler (Spider:1)
  A troll (Orc:4)
  3 jumping spiders
  A warg (Orc:4)
  5 orc warriors (Orc:4)
  An orc priest (Orc:4)
  2 orcs (Orc:4)
23 creatures vanquished.

Vanquished Creatures (others)
  A fungus (Lair:2)
  4 plants (Lair:8)
5 creatures vanquished.

Grand Total: 655 creatures vanquished

Notes
Turn   | Place    | Note
--------------------------------------------------------------
     0 | D:1      | brucemayne the Vine Stalker Berserker began the quest for the Orb.
     0 | D:1      | Reached XP level 1. HP: 11/11 MP: 2/2
    89 | D:1      | Reached skill level 3 in Axes
   171 | D:2      | Reached XP level 2. HP: 16/16 MP: 3/3
   208 | D:2      | Reached XP level 3. HP: 8/19 MP: 4/4
   323 | D:2      | Reached skill level 4 in Axes
   368 | D:3      | Reached XP level 4. HP: 23/23 MP: 5/5
   445 | D:4      | Reached ** piety under Trog
   452 | D:4      | Noticed Sigmund
   453 | D:4      | Found a shadowy altar of Dithmenos.
   462 | D:4      | Killed Sigmund
   462 | D:4      | Reached skill level 6 in Axes
   462 | D:4      | Reached XP level 5. HP: 27/27 MP: 6/6
   462 | D:4      | Gained mutation: You heal very quickly. [Vine Stalker growth]
   462 | D:4      | Reached XP level 6. HP: 32/32 MP: 7/7
   502 | D:5      | Entered Level 5 of the Dungeon
   575 | D:5      | You fall through a shaft!
   696 | D:7      | Found a staircase to the Ecumenical Temple.
   702 | D:7      | Reached skill level 7 in Axes
   702 | D:7      | Reached XP level 7. HP: 29/35 MP: 5/8
   724 | Temple   | Entered the Ecumenical Temple
   883 | D:8      | Reached skill level 8 in Axes
   905 | D:8      | Reached *** piety under Trog
   905 | D:8      | Gained mutation: You have razor-sharp teeth. [Vine Stalker growth]
   905 | D:8      | Reached XP level 8. HP: 27/39 MP: 7/9
  1067 | D:8      | Noticed Erolcha
  1075 | D:8      | Reached skill level 9 in Axes
  1078 | D:8      | Killed Erolcha
  1078 | D:8      | Reached skill level 10 in Axes
  1078 | D:8      | Reached XP level 9. HP: 25/43 MP: 10/10
  1225 | D:8      | Reached skill level 11 in Axes
  1445 | D:10     | Entered Level 10 of the Dungeon
  1485 | D:9      | Found a burning altar of Makhleb.
  1617 | D:10     | Reached skill level 12 in Axes
  1761 | D:10     | Noticed a centaur skeleton
  1780 | D:10     | Killed a centaur skeleton
  1817 | D:10     | Reached XP level 10. HP: 32/47 MP: 11/11
  2110 | D:11     | Noticed a hill giant
  2137 | D:11     | Killed a hill giant
  2137 | D:11     | Killed an unseen horror
  2363 | D:11     | Killed an unseen horror
  2363 | D:11     | Reached skill level 13 in Axes
  2363 | D:11     | Reached skill level 5 in Armour
  2393 | D:11     | Noticed a hill giant
  2408 | D:11     | Killed a hill giant
  2456 | D:11     | Reached **** piety under Trog
  2551 | D:11     | Found a staircase to the Orcish Mines.
  2573 | D:11     | Reached XP level 11. HP: 41/53 MP: 8/12
  2577 | D:11     | Found a roughly hewn altar of Beogh.
  2586 | Orc:1    | Entered Level 1 of the Orcish Mines
  2606 | Orc:1    | Reached ***** piety under Trog
  2665 | Orc:1    | Found a burning altar of Makhleb.
  2740 | Orc:1    | Found a roughly hewn altar of Beogh.
  2887 | Orc:2    | Noticed Josephine
  2902 | Orc:2    | Killed Josephine
  2902 | Orc:2    | Reached skill level 5 in Fighting
  3090 | Orc:2    | Received a gift from Trog
  3115 | Orc:4    | Entered Level 4 of the Orcish Mines
  3166 | Orc:4    | Found a roughly hewn altar of Beogh.
  3190 | Orc:4    | Noticed an orc knight
  3210 | Orc:4    | Killed an orc knight
  3280 | Orc:4    | Noticed an orc knight
  3299 | Orc:4    | Killed an orc knight
  3309 | Orc:4    | Found Fameavym's Weapon Boutique.
  3334 | Orc:4    | Noticed an orc knight
  3352 | Orc:4    | Killed an orc knight
  3352 | Orc:4    | Reached skill level 14 in Axes
  3354 | Orc:4    | Found Sefitu's Antique Armour Shop.
  3604 | Orc:4    | Received a gift from Trog
  3860 | Orc:4    | Noticed an orc warlord
  3932 | Orc:4    | Killed an orc warlord
  3984 | Orc:4    | Found a roughly hewn altar of Beogh.
  4006 | Orc:4    | Gained mutation: You regenerate. [Vine Stalker growth]
  4006 | Orc:4    | Reached XP level 12. HP: 54/61 MP: 11/13
  4059 | Orc:4    | Reached skill level 15 in Axes
  4082 | Orc:4    | Noticed an orc high priest
  4120 | Orc:4    | Found Huefrirch's Book Shoppe.
  4124 | Orc:4    | Noticed an orc high priest
  4131 | Orc:4    | Killed an orc high priest
  4247 | Orc:4    | Received a gift from Trog
  4261 | Orc:4    | Noticed an orc high priest
  4287 | Orc:4    | Noticed an orc high priest
  4293 | Orc:4    | Killed an orc high priest
  4343 | Orc:4    | Found Usueb's Antique Armour Boutique.
  4353 | Orc:4    | Killed an orc high priest
  4358 | Orc:4    | Bought a pair of glowing boots for 144 gold pieces
  4363 | Orc:4    | Identified a +0 pair of boots of running (You bought it in a shop on level 4 of the Orcish Mines)
  4401 | Orc:4    | Killed an orc high priest
  4739 | Orc:3    | Reached ****** piety under Trog
  4741 | Orc:3    | Received a gift from Trog
  4826 | D:11     | Found Qososk's Assorted Antiques.
  4838 | D:11     | Reached skill level 16 in Axes
  5079 | D:8      | Found a staircase to the Lair.
  5080 | D:8      | Noticed a fire drake
  5085 | D:8      | Killed a fire drake
  5097 | Lair:1   | Entered Level 1 of the Lair of Beasts
  5331 | Lair:2   | Received a gift from Trog
  5364 | Lair:2   | Noticed a queen ant
  5373 | Lair:2   | Killed a queen ant
  5460 | Lair:2   | Reached skill level 17 in Axes
  5460 | Lair:2   | Reached XP level 13. HP: 60/65 MP: 14/14
  5635 | Lair:3   | Received a gift from Trog
  5834 | Lair:3   | Found a staircase to the Swamp.
  6273 | Lair:7   | Reached skill level 18 in Axes
  6290 | Lair:8   | Entered Level 8 of the Lair of Beasts
  6365 | Lair:8   | Found a frozen archway.
  6379 | Lair:8   | Received a gift from Trog
  6411 | IceCv    | Entered an ice cave
  6563 | IceCv    | Noticed a frost giant
  6564 | IceCv    | Gained mutation: Your spells are a little harder to cast, but a little more powerful. [potion of beneficial mutation]
  6565 | IceCv    | Gained mutation: Your muscles are strong. (Str +2) [potion of beneficial mutation]
  6566 | IceCv    | Gained mutation: You can translocate small distances at will. [potion of beneficial mutation]
  6578 | IceCv    | Killed a frost giant
  6904 | Lair:8   | Received a gift from Trog
  6904 | Lair:8   | Reached XP level 14. HP: 64/72 MP: 12/15
  7243 | Lair:8   | Reached skill level 19 in Axes
  7756 | Lair:6   | Found a hole to the Spider Nest.
  7804 | Lair:6   | Identified a scroll of acquirement
  7808 | Spider:1 | Entered Level 1 of the Spider Nest
  7915 | Spider:1 | Reached skill level 1 in Evocations
  8101 | Spider:1 | Received a gift from Trog
  8447 | Spider:2 | Noticed an emperor scorpion
  8478 | Spider:2 | Killed an emperor scorpion
  8966 | Spider:4 | Entered Level 4 of the Spider Nest
  9033 | Spider:3 | Received a gift from Trog
  9100 | Spider:3 | HP: 3/72 [wolf spider (1)]
  9101 | Spider:3 | HP: 1/72 [wolf spider (1)]
  9101 | Spider:3 | Slain by a wolf spider

Vault maps used:
D:1:      dpeg_arrival_pits
D:2:      wad_floor_pattern_untrapped, kennysheep_generic_room_5
D:3:      first_bread, serial_bayou_lagoon_a, nicolae_qazlal_style_of_elements
D:4:      minitemple, nicolae_dithmenos_through_a_glass_darkly,
          nicolae_ossuary_entry_ruins, minmay_liquid_box, uniq_natasha,
          uniq_sigmund, uniq_robin
D:5:      serial_shops, nicolae_shop_trees, interstate_on_off, st_stairs_10
D:6:      okawaru_altar_gauntlet_db
D:7:      minmay_temple_entry_crystal_x, grunt_livestock, uniq_joseph
D:8:      kennysheep_mini_moat, minmay_lair_entry_lava, minivault_5,
          uniq_erolcha
D:9:      demons_altar, serial_shops, kennysheep_mini
D:11:     minmay_orc_entry_temple_small, serial_shops, shop
D:12:     serial_shops, shop, uniq_maud, uniq_fannar
Temple:   minmay_temple_bridge_a_8
Lair:1:   infiniplex_staircase_pool_2
Lair:2:   st_stairs_10, zaba_antful_of_joy
Lair:3:   swamp_mist_pool, grunt_forest_large_clearing_hut, lemuel_fruit_tree,
          grunt_megastairs_4
Lair:4:   grunt_megastairs_2
Lair:5:   pf_torpor_hydra
Lair:6:   spider_nest_entry_funnel_web
Lair:8:   guppyfry_lair_end_dragon, slime_altar_2, portal_ice_cave_entry_imps,
          nicolae_lair_grove_arrangements
Spider:1: spider_trap, uniq_roxanne
Spider:4: grunt_spider_rune_parallel, spider_trap
Orc:1:    hangedman_feature_mirror, uniq_harold
Orc:2:    uniq_josephine
Orc:3:    nicolae_orc_pool_cavern
Orc:4:    pubby_orc_utopia
IceCv:    ice_cave_small_giant

Action                   |  1- 3 |  4- 6 |  7- 9 | 10-12 | 13-15 || total
-------------------------+-------+-------+-------+-------+-------++-------
Melee: Hand axe          |    56 |    46 |   238 |   134 |       ||   474
       War axe           |       |       |       |   339 |       ||   339
       Battleaxe         |       |       |       |   303 |   608 ||   911
Throw: Javelin           |       |       |     4 |     2 |       ||     6
Invok: Berserk           |     2 |     3 |     7 |     9 |     7 ||    28
       Trog's Hand       |       |     1 |     3 |     4 |     7 ||    15
       Brothers in Arms  |       |       |       |     3 |     3 ||     6
 Abil: Evoke Invisibilit |       |       |       |       |     1 ||     1
Evoke: Wand              |       |       |     8 |       |     5 ||    13
  Use: Scroll            |     3 |       |     3 |    14 |     7 ||    27
       Potion            |       |       |     1 |       |    15 ||    16
 Stab: Sleeping          |     2 |       |       |       |       ||     2
       Paralysed         |       |       |     6 |       |       ||     6
       Invisible         |       |       |       |       |     5 ||     5
       Distracted        |       |       |       |       |     1 ||     1
       Confused          |       |       |       |       |     1 ||     1
  Eat: Chunk             |       |     4 |     8 |    18 |    13 ||    43
       Bread ration      |       |       |     1 |     1 |       ||     2
       Meat ration       |       |       |       |       |     1 ||     1
       Royal jelly       |       |       |       |       |     1 ||     1
       Beef jerky        |       |       |       |       |     1 ||     1
